AoeStats
← Anfangspunkt

Lombardia

509902424Analyzed
4v4 RM · 4d ago on Sep 28, 2026· 43m 19s· 8 players
Game mode
Random Map
Map size
Large (8 player)
Population
200
Speed
Normal
Resources
Standard
Victory
Conquest
Starting age
Dark Age
Ending age
Imperial Age
RankedLock teamsTeams togetherTeam positionsShared explorationLock speedFull tech treeHidden civsTurbo modeCheats
Victory
Defeat
🇮🇹 Slavs · Italy
1003
+14
🇹🇼 Celts · Taiwan
990
+15
🇮🇳 Huns · India
983
+15
🇪🇸 Italians · Spain
974
+15
🇩🇪 Persians · Germany
1044
-17
🇩🇪 Celts · Germany
962
-15
🇨🇴 Spanish · Colombia
939
-14
🇩🇪 Persians · Germany
906
-13
LeinaD
0:28 Loom
15:48 Feudal Age
17:47 Wheelbarrow
17:10 Horse Collar
17:18 Double-Bit Axe
17:26 Gold Mining
17:36 Stone Mining
20:24 Castle Age
18:56 Forging
19:15 Bloodlines
19:46 Scale Barding Armor
21:11 Husbandry
22:54 Bow Saw
24:27 Gold Shaft Mining
25:07 Heavy Plow
26:05 Hand Cart
30:19 Fortified Wall
34:10 Imperial Age
35:07 Chain Barding Armor
35:23 Iron Casting
34:10 Light Cavalry
35:15 Conscription
35:55 Crop Rotation
36:35 Two-Man Saw
35:36 Hussar
39:04 Blast Furnace
38:40 Plate Barding Armor
39:21 Scale Mail Armor
41:25 Druzhina
41:25 Detinets
CalaveraDelCid
0:34 Loom
10:19 Feudal Age
16:18 Castle Age
14:36 Horse Collar
15:11 Double-Bit Axe
21:48 Heavy Plow
24:34 Bow Saw
24:23 Fletching
24:58 Town Watch
27:58 Wheelbarrow
29:44 Gold Mining
31:03 Ballistics
31:11 Bodkin Arrow
31:16 Padded Archer Armor
31:47 Hand Cart
31:45 Caravan
36:51 Imperial Age
35:30 Masonry
38:01 Leather Archer Armor
37:47 Bracer
38:57 Chemistry
38:54 Capped Ram
SSR Wonder
7:21 Loom
11:30 Feudal Age
13:24 Double-Bit Axe
17:13 Castle Age
15:27 Forging
16:03 Horse Collar
16:24 Stone Mining
19:01 Heavy Plow
22:08 Bow Saw
23:34 Gold Mining
26:38 Wheelbarrow
26:49 Town Watch
30:33 Imperial Age
28:43 Bloodlines
28:34 Husbandry
28:42 Scale Barding Armor
29:57 Iron Casting
29:38 Marauders
29:21 Pikeman
30:47 Gold Shaft Mining
30:41 Squires
30:44 Scale Mail Armor
31:05 Hand Cart
32:51 Two-Man Saw
32:30 Halberdier
34:58 Blast Furnace
34:20 Chain Barding Armor
34:57 Chain Mail Armor
34:33 Fletching
35:07 Town Patrol
35:53 Conscription
35:47 Elite Tarkan
37:14 Plate Barding Armor
36:12 Elite Skirmisher
36:48 Capped Ram
37:29 Fletching
37:40 Padded Archer Armor
37:48 Siege Ram
39:50 Parthian Tactics
39:25 Bodkin Arrow
39:46 Leather Archer Armor
41:35 Chemistry
40:56 Ballistics
40:46 Masonry
40:32 Murder Holes
40:48 Heavy Cavalry Archer
42:00 Bracer
hsuan1202
0:32 Loom
11:43 Feudal Age
20:38 Castle Age
19:20 Double-Bit Axe
20:12 Wheelbarrow
19:22 Town Watch
20:13 Horse Collar
20:38 Man-at-Arms
21:03 Arson
21:55 Gambesons
21:56 Arson
23:19 Bow Saw
23:16 Long Swordsman
26:05 Pikeman
35:05 Imperial Age
33:19 Town Patrol
34:43 Forging
34:33 Scale Mail Armor
35:23 Heavy Plow
35:55 Caravan
36:26 Coinage
36:56 Hand Cart
36:09 Two-Handed Swordsman
36:10 Halberdier
37:01 Champion
37:41 Gold Mining
37:41 Stone Mining
39:25 Conscription
38:44 Halberdier
40:18 Fervor
40:49 Hoardings
40:49 Chain Mail Armor
40:24 Fletching
41:12 Arson
42:19 Gold Shaft Mining
41:34 Stone Mining
42:24 Iron Casting
42:19 Plate Mail Armor
41:40 Fletching
43:33 Bodkin Arrow
44:39 Blast Furnace
44:09 Plate Mail Armor
WeLoveRust
4:49 Loom
11:40 Feudal Age
15:35 Castle Age
16:15 Double-Bit Axe
17:57 Horse Collar
23:29 Gold Mining
23:36 Stone Mining
28:10 Wheelbarrow
29:11 Bow Saw
29:04 Heavy Plow
29:45 Gold Shaft Mining
29:49 Stone Shaft Mining
33:54 Imperial Age
34:04 Caravan
36:58 Scale Barding Armor
37:03 Forging
39:40 Two-Man Saw
39:14 Crop Rotation
39:10 Chain Barding Armor
39:26 Iron Casting
38:52 Scale Mail Armor
38:52 Padded Archer Armor
38:52 Elite War Elephant
40:33 Husbandry
40:45 Bloodlines
42:54 Plate Barding Armor
43:19 Blast Furnace
TopicKilleR
4:49 Loom
11:21 Feudal Age
14:58 Castle Age
14:16 Double-Bit Axe
15:11 Horse Collar
20:59 Bow Saw
29:54 Stone Mining
29:59 Gold Mining
30:54 Heavy Plow
31:21 Devotion
32:08 Stone Shaft Mining
32:13 Ballistics
32:07 Forging
32:02 Scale Barding Armor
33:28 Wheelbarrow
32:38 Town Watch
33:32 Gold Shaft Mining
33:23 Masonry
33:09 Murder Holes
36:20 Imperial Age
34:32 Iron Casting
34:49 Hand Cart
34:34 Town Patrol
34:46 Fletching
34:56 Padded Archer Armor
35:18 Caravan
35:51 Crossbowman
37:28 Thumb Ring
38:27 Chemistry
37:38 Bodkin Arrow
37:59 Leather Archer Armor
40:25 Elite War Elephant
Anfangspunkt
12:24 Feudal Age
14:33 Feudal Age
15:22 Double-Bit Axe
20:43 Castle Age
22:11 Castle Age
20:44 Fletching
20:57 Padded Archer Armor
21:00 Scale Mail Armor
28:54 Stone Mining
28:55 Gold Mining
32:33 Wheelbarrow
31:22 Pikeman
35:50 Elite Skirmisher
juansrv
2:55 Loom
10:50 Feudal Age
11:52 Double-Bit Axe
15:27 Wheelbarrow
20:05 Castle Age
19:52 Stone Mining
19:58 Gold Mining
21:16 Bow Saw
21:55 Horse Collar
25:10 Heavy Plow
29:47 Hand Cart
33:53 Imperial Age
31:52 Ballistics
33:09 Murder Holes
33:23 Scale Barding Armor
33:28 Forging
33:09 Fletching
32:44 Pikeman
33:10 Gambesons
33:25 Squires
34:59 Chain Barding Armor
34:41 Padded Archer Armor
35:55 Chemistry
34:26 Elite Skirmisher
35:11 Thumb Ring
36:06 Bodkin Arrow
36:46 Iron Casting
35:47 Halberdier
38:04 Two-Man Saw
37:46 Plate Barding Armor
38:31 Conscription
Connection lost

Rejoining the realm…

Still unreachable

The connection could not be restored.

Session expired

The server has moved on; the page needs a fresh start.